Map: Ascension to Aiur LE

Players

Namshar - Winner!

  • Race: Zerg Zerg
  • Spawn Location: 11:00

Botvinnik

  • Race: Terran Terran
  • Spawn Location: 5:00

Event: WCS Valencia 2017

VOD

Have the link to the VOD?

Description

Time

  • Played on: July 13, 2017, 7:18 a.m.
  • Length: 13:27

All games in this series

Show
View Real Time Build Order
Export as new Build Order

Namshar Zerg - Winner!

Build Orders: Pool First 

Get SALT Encoding   

  12  0:00  Drone  
  13  0:12  Overlord  
  13  0:17  Drone  
  14  0:31  Drone x2  
  14  0:34  Drone  
  17  0:45  Extractor, Drone  
  17  0:51  Spawning Pool  
  17  0:56  Drone  
  17  1:14  Hatchery  
  16  1:18  Drone  
  17  1:37  Queen  
  17  1:38  Zergling x2  
  20  1:45  Metabolic Boost  
  20  1:49  Overlord  
  20  1:54  Drone  
  20  1:55  Drone  
  22  2:08  Drone  
  23  2:11  Drone  
  23  2:13  Queen  
  26  2:26  Queen  
  26  2:27  Drone  
  26  2:28  Drone  
  30  2:40  Drone x2  
  32  2:45  Overlord  
  32  2:48  Zergling x2, Drone  
  34  2:54  Drone x2  
  36  3:03  Queen  
  38  3:14  Drone x3  
  40  3:23  Hatchery, Overlord  
  40  3:24  Drone x2  
  41  3:28  Zergling x4  
  43  3:37  Drone  
  44  3:42  Overlord  
  44  3:43  Drone x2  
  44  3:44  Drone  
  44  3:47  Lair  
  47  3:52  Zergling x4  
  47  3:53  Zergling x2  
  47  3:54  Drone  
  51  3:59  Roach Warren  
  51  4:01  Spore Crawler  
  51  4:02  Zergling x2  
  47  4:13  Drone  
  47  4:14  Drone x4  
  50  4:17  Spore Crawler  
  49  4:26  Drone x5  
  49  4:29  Drone  
  55  4:39  Queen  
  55  4:44  Extractor  
  55  4:45  Glial Reconstitution  
  56  4:46  Extractor  
  56  4:47  Evolution Chamber  
  56  4:49  Drone  
  56  4:50  Spore Crawler, Drone  
  56  4:51  Drone x2  
  57  4:53  Drone  
  57  4:58  Overseer  
  58  5:03  Drone  
  58  5:04  Drone  
  58  5:11  Drone x6  
  64  5:15  Drone x2  
  64  5:18  Zerg Ground Armor Level 1  
  64  5:20  Overlord  
  66  5:24  Overlord  
  66  5:39  Spore Crawler  
  65  5:46  Drone  
  65  5:47  Drone x11  
  78  5:50  Extractor  
  78  5:52  Drone  
  78  5:53  Infestation Pit, Drone x3  
  80  6:04  Drone x2  
  80  6:06  Extractor, Overlord  
  80  6:08  Extractor, Overlord x2  
  80  6:09  Drone  
  81  6:14  Overlord x2  
  81  6:20  Evolution Chamber  
  81  6:21  Drone  
  81  6:23  Hatchery  
  81  6:25  Drone x4  
  84  6:29  Burrow  
  84  6:34  Hive  
  84  6:41  Roach x6  
  84  6:47  Roach x3  
  102  6:49  Overlord  
  102  6:57  Roach x4  
  110  7:05  Infestor x3  
  116  7:10  Drone x7  
  116  7:12  Drone  
  123  7:17  Zerg Ground Armor Level 2  
  123  7:27  Queen  
  125  7:30  Zerg Melee Weapons Level 1  
  125  7:41  Roach x5  
  125  7:42  Overlord x5  
  134  7:58  Roach  
  136  8:12  Ultralisk Cavern  
  134  8:23  Extractor  
  134  8:24  Drone x6  
  134  8:25  Queen  
  134  8:26  Extractor  
  134  8:27  Adrenal Glands  
  140  8:35  Spore Crawler  
  140  8:40  Ravager x3  
  140  8:41  Ravager x3, Overlord  
  144  8:42  Overseer, Overlord x3  
  144  8:43  Drone  
  144  8:45  Queen  
  144  8:46  Hatchery  
  147  8:59  Chitinous Plating  
  147  9:01  Overlord  
  147  9:02  Ultralisk x2  
  159  9:07  Spine Crawler  
  158  9:12  Ultralisk  
  164  9:18  Ultralisk, Zergling x2  
  164  9:19  Zergling x18  
  164  9:21  Hatchery  
  179  9:29  Drone  
  179  9:30  Spore Crawler  
  179  9:31  Drone  
  179  9:34  Spore Crawler  
  179  9:36  Ultralisk  
  191  9:38  Ultralisk  
  188  9:54  Ultralisk  
  194  10:06  Spire  
  193  10:09  Zerg Ground Armor Level 3  
  193  10:26  Ultralisk  
  199  10:28  Zerg Melee Weapons Level 2  
  199  10:33  Baneling Nest, Overseer  
  199  10:34  Pneumatized Carapace  
  198  10:36  Overseer  
  163  11:00  Ultralisk x2  
  165  11:06  Ultralisk, Zergling x14  
  165  11:07  Zergling x44  
  200  11:20  Greater Spire, Centrifical Hooks  
  163  11:54  Ultralisk x2  
  163  11:55  Ultralisk, Zergling x34  
  194  12:06  Ultralisk  
  199  12:11  Ravager x4  
  185  12:36  Zergling x28  
  185  12:37  Zergling x12  
  171  12:51  Zergling x2  
  171  12:52  Zergling x18  
Show
View Real Time Build Order
Export as new Build Order

Botvinnik Terran 

Build Orders: Reaper Expand, Hellion Banshee, MMM Bio 

Get SALT Encoding   

  12  0:01  SCV  
  13  0:13  SCV  
  14  0:17  Supply Depot  
  14  0:25  SCV  
  15  0:29  Refinery  
  15  0:39  SCV  
  16  0:45  Barracks  
  16  0:51  SCV  
  17  1:03  SCV  
  18  1:15  SCV  
  19  1:32  Orbital Command, Reaper  
  20  1:42  Command Center  
  20  1:52  Factory  
  20  1:58  SCV  
  21  2:04  Supply Depot  
  21  2:07  Barracks Reactor  
  21  2:10  SCV  
  22  2:16  Refinery  
  22  2:22  SCV  
  23  2:34  SCV  
  24  2:43  Starport  
  24  2:46  SCV  
  25  2:55  Hellion x2, Orbital Command  
  25  2:56  Barracks Tech Lab  
  29  3:02  SCV  
  30  3:16  SCV  
  30  3:17  Hellion x2  
  34  3:21  Supply Depot  
  34  3:23  SCV, Starport Tech Lab  
  35  3:29  Barracks Tech Lab  
  35  3:30  SCV, Cloaking Field  
  36  3:35  Banshee  
  36  3:38  SCV  
  40  3:44  Hellion  
  40  3:45  Hellion  
  40  3:46  SCV  
  45  3:50  SCV  
  45  3:52  Stimpack  
  45  3:55  Marine  
  46  3:58  SCV  
  46  4:02  SCV  
  49  4:06  Hellion  
  49  4:07  Hellion  
  51  4:10  SCV  
  51  4:14  SCV  
  47  4:18  Banshee  
  50  4:26  Supply Depot  
  50  4:31  SCV  
  51  4:32  SCV  
  51  4:33  Command Center  
  52  4:40  Supply Depot  
  52  4:44  SCV x2  
  54  4:51  Factory Reactor  
  54  4:54  Barracks  
  54  4:55  Barracks  
  54  4:57  SCV x2  
  53  5:07  Marine  
  53  5:12  SCV x2  
  53  5:14  Refinery x2  
  56  5:16  Engineering Bay  
  56  5:17  Starport Reactor  
  56  5:18  Engineering Bay  
  56  5:28  SCV x2  
  58  5:34  Marine  
  59  5:36  Barracks x2  
  59  5:42  Factory Reactor  
  56  5:43  SCV x2  
  56  5:46  Marine  
  56  5:47  Marine  
  56  5:48  Terran Infantry Armor Level 1, Terran Infantry Weapons Level 1  
  56  5:49  Orbital Command  
  60  5:54  Marine, Combat Shields  
  60  5:55  SCV x2, Marine x2  
  65  5:58  Medivac  
  65  6:01  Medivac  
  69  6:04  Factory Tech Lab  
  69  6:08  SCV x2  
  69  6:09  Marine  
  69  6:10  Marine  
  73  6:13  Orbital Command  
  73  6:21  Marine x2  
  73  6:22  Marauder  
  73  6:23  SCV x2  
  73  6:25  Supply Depot  
  79  6:29  Supply Depot  
  79  6:30  Supply Depot  
  79  6:32  Marine x2  
  79  6:34  Barracks Reactor  
  79  6:35  Barracks Reactor, SCV x2  
  79  6:39  SCV  
  84  6:41  Marine  
  84  6:46  Siege Tank, Marine, Medivac x2  
  93  6:55  Supply Depot x2  
  93  6:57  SCV  
  93  6:58  SCV x2  
  93  7:00  Marine x3  
  99  7:01  Marine  
  100  7:09  Bunker, SCV  
  100  7:10  SCV, Supply Depot  
  100  7:11  Marine  
  100  7:12  Marine x4  
  105  7:32  Marauder, Marine x5  
  105  7:33  Marine x3  
  115  7:38  Siege Tank, Medivac x2  
  115  7:40  SCV x2, Refinery  
  115  7:41  SCV, Refinery  
  115  7:43  Supply Depot  
  125  7:45  Supply Depot  
  125  7:48  Armory  
  125  7:50  Marine  
  123  7:55  Marauder, Marine x6  
  123  7:57  SCV x2  
  133  8:05  SCV  
  126  8:15  Marine x5  
  126  8:16  Marauder, Marine x3  
  128  8:20  Siege Tank  
  128  8:22  Medivac x2  
  127  8:33  Marine  
  128  8:35  Marine x7  
  128  8:36  Terran Infantry Armor Level 2, Terran Infantry Weapons Level 2  
  128  8:38  Terran Vehicle Weapons Level 1  
  135  8:47  Missile Turret  
  135  8:48  Marauder  
  137  8:51  Marine  
  137  8:52  Siege Tank, Supply Depot  
  137  8:53  Supply Depot  
  141  8:57  Marine x2  
  141  8:58  Marine x4  
  141  9:01  Marine  
  148  9:10  Command Center  
  148  9:13  Medivac x2  
  148  9:14  Marauder, Marine  
  148  9:15  Marine x4  
  148  9:16  Marine x2  
  161  9:23  Marine  
  162  9:27  Siege Tank  
  162  9:29  Supply Depot  
  162  9:30  Supply Depot  
  165  9:31  Supply Depot  
  165  9:42  Marine  
  165  9:45  Marine  
  165  9:51  Marauder, Medivac x2  
  170  9:53  Marine x6  
  170  9:58  Supply Depot  
  170  9:59  Siege Tank, Supply Depot  
  179  10:03  Liberator x2  
  179  10:12  Marine  
  179  10:13  Marauder, Marine x7  
  186  10:27  Barracks  
  186  10:29  Starport  
  186  10:30  Barracks  
  186  10:36  Starport  
  186  10:46  Liberator x2  
  183  10:51  Marine x3  
  183  10:52  Marauder, Marine x5, Liberator  
  183  10:55  Siege Tank  
  173  11:04  Planetary Fortress  
  173  11:11  Marine x3  
  179  11:28  Marauder, Marine x5  
  179  11:29  Barracks Tech Lab  
  179  11:30  Marine  
  187  11:40  Barracks Tech Lab  
  187  11:45  Marine x2  
  187  11:46  Marine x4  
  164  11:50  Marauder  
  164  11:52  Marine x2  
  164  11:53  Marauder  
  131  11:57  SCV x2  
  131  11:59  SCV x2  
  124  12:03  Marine x2  
  124  12:04  Marine x3  
  124  12:06  Marauder, Marine  
  128  12:09  SCV  
  128  12:10  Marine x2  
  128  12:11  Marauder  
  129  12:18  Marauder  
  129  12:21  Marine x2  
  124  12:31  Marauder, Marine x2  
  124  12:32  Marine x2  
  124  12:36  Marine x2  
  122  12:37  Marauder  
  122  12:38  Marine  
  122  12:39  Marauder  
  115  12:48  Marine  
  115  12:50  Marine x4  
  122  12:52  Hellion  
  122  12:53  Marauder  
  122  12:58  Marauder  
Tags
 
Add a new tag
Caveats
  • Supply blocks, unpowered buildings, or Contaminate may cause inaccurate times.
  • Supply counts are checked every 10 seconds.